 Dungeon Crawl Stone Soup version 0.28.0-53-g5a82cb258f (webtiles) character file.

Game seed: 4606995871863223795

67 mortz the Sneak (level 4, -2/24 HPs)
             Began as a Kobold Earth Elementalist on July 17, 2022.
             Succumbed to Crazy Yiuf's poison
             ... on level 2 of the Dungeon.
             The game lasted 00:11:16 (2368 turns).

mortz the Sneak (Kobold Earth Elementalist)         Turns: 2368, Time: 00:11:16

Health: -2/24      AC:  2    Str:  5    XL:     4   Next: 38%
Magic:  2/8        EV: 15    Int: 18    God:
Gold:   77         SH:  0    Dex: 15    Spells: 5/8 levels left

rFire   . . .      SeeInvis .   a - +0 short sword {short}
rCold   . . .      Faith    .   (no shield)
rNeg    . . .      Spirit   .   b - +0 robe
rPois   .          Reflect  .   (no helmet)
rElec   .          Harm     .   (no cloak)
rCorr   .          Rampage  .   (no gloves)
Will    .....                   (no boots)
Stlth   ++++......              (no amulet)
HPRegen 0.08/turn               (no ring)
MPRegen 0.11/turn               (no ring)

@: lethally poisoned (-2 -> -32)
A: small, no large weapons, nightstalker 3
a: no special abilities


You were on level 2 of the Dungeon.
You visited 1 branch of the dungeon, and saw 2 of its levels.

You collected 77 gold pieces.


Innate Abilities, Weirdness & Mutations

You are small and have problems with some larger weapons.
You are completely attuned to the shadows.


   Skills:
 + Level 0.1 Fighting
 + Level 0.6 Short Blades
 + Level 3.0 Dodging
 + Level 4.0 Stealth
 + Level 2.8 Spellcasting
 * Level 0.4 Conjurations
 + Level 1.0 Transmutations
 * Level 3.5 Earth Magic


You had 5 spell levels left.
You knew the following spells:

 Your Spells              Type           Power      Damage    Failure   Level
a - Sandblast             Erth           30%        2d9       3%          1
b - Passwall              Tmut/Erth      8%         N/A       10%         2

Your spell library contained the following spells:

 Spells                   Type           Power      Damage    Failure   Level
 Stone Arrow              Conj/Erth      18%        3d8       22%         3
 Petrify                  Tmut/Erth      10%        N/A       54%         4

Inventory:

Hand Weapons
 a - a +0 short sword (weapon) {short}
   (You took it off a kobold on level 1 of the Dungeon)
 d - a +0 dagger {short}
   (You took it off a goblin on level 1 of the Dungeon)
 e - a +0 short sword {short}
   (You took it off a kobold on level 1 of the Dungeon)
 f - a +0 dagger {short}
   (You took it off a goblin on level 1 of the Dungeon)
 j - a +0 club {mace}
   (You took it off a kobold on level 1 of the Dungeon)
Missiles
 c - 84 stones {throwing}
 h - 14 arrows
Armour
 b - a +0 robe (worn)
Scrolls
 i - a scroll of fear {unknown}
 k - a scroll of magic mapping {unknown}
 l - a scroll of amnesia {unknown}
 m - 2 scrolls of identify {unknown}
Potions
 g - a potion of heal wounds {unknown}
 n - a potion of curing {unknown}

Dungeon Overview and Level Annotations

Branches:
Dungeon (2/15)

Altars:

Annotations:
D:1 exclusion: downstairs
D:2 Crazy Yiuf, Sigmund

.#.####.................# #.#
.#.##..........########## #.#
.#.##......##### #.#
.#'##.....## #.# ..........#
#.# ..........# #.#
..........# #### ♣♣#### #.#
..........# #)..#♣♣ ♣♣)...##
#.# ..........#
#..g@.♣♣♣♣.P.)..###.#
......#####
#...#♣..♣.PP........# ......#
#### ♣♣♣.♣.P).#####.# ......#
♣♣♣♣♣### #.# ####### #.# #
##### #.# #
###...#####################.#
#
#<'...'.....................#
#
###...#######################


You could see Crazy Yiuf.


Message History

Press: ? - help, Q - select action, (/) - cycle Shift-Dir - straight line, f/p - Sigmund
Aim: Sigmund, wielding a +0 scythe and wearing a +2 robe of fire resistance (moderately wounded, fast, 77% to hit)
The blast of sand misses Sigmund.
Sigmund points at you and mumbles some strange words.
The magic dart hits you.
Sigmund barely misses you. 😮 HP[-4] MP[-1]
You take 4 damage, and now have 15/24 hp.
You lost 1 mp, and now have 3/8 mp.
Aiming: Sandblast (safe; 3% risk of failure)
Press: ? - help, Q - select action, (/) - cycle Shift-Dir - straight line, f/p - Sigmund
Aim: Sigmund, wielding a +0 scythe and wearing a +2 robe of fire resistance (moderately wounded, fast, 77% to hit)
The blast of sand hits Sigmund.
Sigmund completely misses you. 😮 MP[-1]
You lost 1 mp, and now have 2/8 mp.
Aiming: Sandblast (safe; 3% risk of failure)
Press: ? - help, Q - select action, (/) - cycle Shift-Dir - straight line, f/p - Sigmund
Aim: Sigmund, wielding a +0 scythe and wearing a +2 robe of fire resistance (moderately wounded, fast, 77% to hit)
The blast of sand hits Sigmund but does no damage.
Sigmund completely misses you. 😮 HP[+1] MP[-1]
You lost 1 mp, and now have 1/8 mp.
Aiming: Sandblast (safe; 3% risk of failure)
Press: ? - help, Q - select action, (/) - cycle Shift-Dir - straight line, f/p - Sigmund
Aim: Sigmund, wielding a +0 scythe and wearing a +2 robe of fire resistance (moderately wounded, fast, 77% to hit)
The blast of sand hits Sigmund.
Sigmund closely misses you. 😮 MP[-1]
You lost 1 mp, and now have 0/8 mp. 😮 MP[+1] Sigmund gestures at you while chanting.
The puff of flame misses you.
Your magical contamination has completely faded away.
Sigmund casts a spell at you. You resist with some effort.
Sigmund gestures wildly while chanting.
Sigmund flickers and vanishes!
Deactivating autopickup; reactivate with Ctrl-A.
Something hits you but does no damage.
There is a stone staircase leading up here.
Something hits you!
* * * LOW HITPOINT WARNING * * *
You climb upwards.
Reactivating autopickup.
There is a stone staircase leading down here. 😱 HP[-10] MP[+1]
You take 10 damage, and now have 6/24 hp.
MASSIVE DAMAGE!! (PAUSE) Done exploring. 😎 HP[+18] MP[+6]
Your hp is fully restored (24).
Your mp is fully restored (8).
Done exploring.
There is a stone staircase leading down here.
You climb downwards.
Level annotation: 1 runed translucent door, Crazy Yiuf, Sigmund
There is a stone staircase leading up here.
You open the door.
There is an open door here.
There is an open door here.
You see here a +0 mace {mace}.
You see here a +0 mace {mace}.
You see here a +0 mace {mace}.
You open the door.
You can't see any susceptible monsters within range! (Use Z to cast anyway.) Crazy Yiuf shouts!
There is an open translucent door here.
The blast of sand misses Crazy Yiuf. 😎 MP[-1]
You lost 1 mp, and now have 7/8 mp.
The blast of sand hits Crazy Yiuf.
Crazy Yiuf says, "Cake!
Peeping rumpyflump shrimp."
Crazy Yiuf hits you with a +4 quarterstaff of chaos.
You feel your power leaking away. 😕 HP[-4] MP[-2]
You take 4 damage, and now have 20/24 hp.
You lost 2 mp, and now have 5/8 mp.
Aiming: Sandblast (safe; 3% risk of failure)
Press: ? - help, Q - select action, (/) - cycle Shift-Dir - straight line, f/p - Crazy Yiuf
Aim: Crazy Yiuf, wielding a +4 quarterstaff of chaos and wearing a +0 cloak (moderately wounded, 82% to hit)
The blast of sand hits Crazy Yiuf!
Crazy Yiuf misses you. 😕 HP[+1] MP[-1]
You lost 1 mp, and now have 4/8 mp.
Aiming: Sandblast (safe; 3% risk of failure)
Press: ? - help, Q - select action, (/) - cycle Shift-Dir - straight line, f/p - Crazy Yiuf
Aim: Crazy Yiuf, wielding a +4 quarterstaff of chaos and wearing a +0 cloak (heavily wounded, 82% to hit)
The blast of sand misses Crazy Yiuf.
Crazy Yiuf hits you with a +4 quarterstaff of chaos!
Ouch! That really hurt!
* * * LOW HITPOINT WARNING * * *
You are lethally poisoned! 😱 HP[-16] MP[-1]
You take 16 damage, and now have 5/24 hp.
MASSIVE DAMAGE!! (PAUSE)
You lost 1 mp, and now have 3/8 mp.
Aiming: Sandblast (safe; 3% risk of failure)
Press: ? - help, Q - select action, (/) - cycle Shift-Dir - straight line, f/p - Crazy Yiuf
Aim: Crazy Yiuf, wielding a +4 quarterstaff of chaos and wearing a +0 cloak (heavily wounded, 82% to hit)
The blast of sand hits Crazy Yiuf!
You die...

Skill      XL: |  1  2  3  4 |
---------------+-------------+-----
Stealth        | 3 4 |  4.0
Dodging        | 3 |  3.0
Fighting       | |  0.1
Short Blades   | |  0.6
Spellcasting   | |  2.8
Conjurations   | |  0.4
Transmutations | |  1.0
Earth Magic    | |  3.5

Action                   |  1- 3 |  4- 6 || total
-------------------------+-------+-------++-------
Melee: Short sword       |    31 |    10 ||    41
 Cast: Sandblast         |    28 |    15 ||    43
 Stab: Sleeping          |    13 |     4 ||    17
Armor: Robe              |     2 |     2 ||     4
Dodge: Dodged            |    22 |    14 ||    36

Levels and vault maps discovered:
D:1:      saegor_arrival_miasma, layout_rooms, chequers_ecumenical_altar_island,
          amcnicky_mini_rare_corridor_liquid
D:2:      layout_basic, uniq_sigmund, uniq_crazy_yiuf_cottage

Notes
Turn   | Place    | Note
-------+----------+-------------------------------------------
     0 | D:1      | mortz the Kobold Earth Elementalist began the quest for the
                  | Orb.
     0 | D:1      | Reached XP level 1. HP: 10/10 MP: 3/3
     0 | D:1      | magus.rc [v1.9.6]
   159 | D:1      | Reached XP level 2. HP: 15/15 MP: 0/5
   230 | D:1      | Reached skill level 3 in Stealth
   440 | D:1      | Reached XP level 3. HP: 19/19 MP: 4/6
   590 | D:1      | Found a faded altar of an unknown god.
   827 | D:1      | Reached skill level 3 in Dodging
  1048 | D:1      | Learned a level 2 spell: Passwall
  1234 | D:2      | Reached XP level 4. HP: 22/24 MP: 5/8
  1606 | D:2      | Found a runed translucent door.
  1609 | D:2      | Noticed Crazy Yiuf
  1761 | D:2      | Reached skill level 4 in Stealth
  1966 | D:2      | Noticed Sigmund
  2053 | D:2      | HP: 5/24 [something (11)]
  2367 | D:2      | HP: 5/24 [Crazy Yiuf/+4 quarterstaff of chaos (16)]
  2368 | D:2      | Succumbed to Crazy Yiuf's poison

Vanquished Creatures
  An adder (D:2)
  2 worms (D:2)
  2 dart slugs (D:1)
  3 ball pythons
  4 endoplasms
  4 giant cockroaches
  5 goblins
  4 hobgoblins (D:1)
  2 quokkas (D:1)
  3 bats (D:1)
  3 frilled lizards (D:1)
  10 kobolds
  2 rats (D:1)
45 creatures vanquished.

Table legend:
 A = Non-vault XP
 B = Vault XP
 C = Vault XP percentage of total XP
 D = Non-vault monster count
 E = Vault monster count
 F = Vault count percentage of total count
                 A         B        C        D         E       F
            +---------+---------+-------+---------+---------+-------
      Total |      96 |       0 |   0.0 |      45 |       0 |   0.0
            +---------+---------+-------+---------+---------+-------
        D:1 |      56 |       0 |   0.0 |      33 |       0 |   0.0
        D:2 |      40 |       0 |   0.0 |      12 |       0 |   0.0
            +---------+---------+-------+---------+---------+-------

Illustrated notes

Table legend:
 A = Kills in this place as a percentage of kills in entire the game.
 B = Kills by you in this place as a percentage of kills by you in the entire game.
 C = Kills by friends in this place as a percentage of kills by friends in the entire game.
 D = Other kills in this place as a percentage of other kills in the entire game.
 E = Experience gained in this place as a percentage of experience gained in the entire game.
 F = Experience gained in this place divided by the number of levels of this place that you have seen.
                   A       B       C       D       E      F
               +-------+-------+-------+-------+-------+----------------------
         Total | 100.0 | 100.0 |   N/A |   N/A | 100.0 |  48.0
       Dungeon | 100.0 | 100.0 |   N/A |   N/A | 100.0 |  48.0
               +-------+-------+-------+-------+-------+----------------------

Table legend: (Time is in decaauts)
 A = Elapsed time spent in this place.
 B = Non-inter-level travel time spent in this place.
 C = Inter-level travel time spent in this place.
 D = Time resting spent in this place.
 E = Time spent auto-exploring this place.
 F = Levels seen in this place.
 G = Mean time per level.
                   A        B        C        D        E       F      G
               +--------+--------+--------+--------+--------+-----+--------+
         Total |   2382 |   2211 |    171 |    103 |   1682 |   2 | 1191.0 |
       Dungeon |   2382 |   2211 |    171 |    103 |   1682 |   2 | 1191.0 |
               +--------+--------+--------+--------+--------+-----+--------+

Top non-repeatable levels by time:
     D:1: 1419 daAuts
     D:2: 962 daAuts
